Construct Infanterie Kompanie
Selects Luftwaffe Battlegroup
Selects Luftwaffe Pioneer Support
Fallschirmpioneer Squad Paradrop
Construct Luftwaffe Kompanie
Fallschirmpioneer Squad Paradrop
Selects Stuka Strafing Run
Selects Fallschirmjäger Squad Paradrop
Construct Panzer Kompanie
Infanterie Officer Quarters
Selects Fragmentation Bombs
Selects Flak 38 Anti-Air Emplacement
Fallschirmjäger Squad Paradrop
Fallschirmjäger Squad Paradrop